 Dungeon Crawl Stone Soup version 0.21.1-1-g345015f (webtiles) character file.

286 goulibeur the Distorting Demonspawn (level 6, -2/48 HPs)
             Began as a Demonspawn Abyssal Knight on July 18, 2018.
             Was a Believer of Lugonu.
             Slain by a worker ant (7 damage)
             ... on level 5 of the Dungeon.
             The game lasted 00:09:56 (4605 turns).

goulibeur the Distorting Demonspawn (DsAK)          Turns: 4605, Time: 00:09:57

Health: -2/48      AC:  5    Str: 13    XL:     6   Next: 8%
Magic:  10/10      EV: 11    Int: 13    God:    Lugonu [**....]
Gold:   184        SH:  4    Dex: 14    Spells: 5/5 levels left

rFire    . . .     SeeInvis .   a - +1 short sword
rCold    . . .     Gourm    .   (no shield)
rNeg     . . .     Faith    .   o - +0 ring mail (curse)
rPois    .         Spirit   .   (no helmet)
rElec    .         Reflect  .   (no cloak)
rCorr    .         Harm     .   (no gloves)
MR       +....                  (no boots)
Stlth    ..........             (no amulet)
HPRegen  0.16/turn              i - ring of protection from magic
MPRegen  0.12/turn              (no ring)

@: lethally poisoned (-2 -> -5)
A: hooves 1, large bone plates 1, powered by pain 1
a: Depart the Abyss, Bend Space, Renounce Religion


You were on level 5 of the Dungeon.
You worshipped Lugonu.
Lugonu was pleased with you.
You were not hungry.

You visited 1 branch of the dungeon, and saw 5 of its levels.
You visited the Abyss 1 time.

You collected 184 gold pieces.

Inventory:

Hand Weapons
 a - a +1 short sword (weapon)
Armour
 b - a +0 leather armour
 o - a cursed +0 ring mail (worn)
Jewellery
 i - a ring of protection from magic (left hand)
 t - an uncursed amulet of regeneration {unknown}
Scrolls
 e - 2 scrolls of fear {unknown}
 f - 2 scrolls of teleportation {unknown}
 h - 3 scrolls of identify {unknown}
 r - a scroll of amnesia {unknown}
 s - a scroll of random uselessness {unknown}
Potions
 d - 2 potions of ambrosia {unknown}
 g - 2 potions of berserk rage {unknown}
 j - 3 potions of heal wounds {unknown}
 k - a potion of curing {unknown}
 l - a potion of invisibility {unknown}
 m - 3 potions of flight {unknown}
 n - a potion of might {unknown}
 q - a potion of cancellation {unknown}
Comestibles
 c - a ration
 p - 4 chunks of flesh


   Skills:
 + Level 4.0 Fighting
 - Level 1.7 Short Blades
 + Level 3.0 Armour
 + Level 2.4 Dodging
 * Level 5.6 Invocations


You had 5 spell levels left.
You didn't know any spells.

Dungeon Overview and Level Annotations

Branches:
Dungeon (5/15)
 Temple: D:4-7

Altars:
Cheibriados
Makhleb

Annotations:
D:4 Sigmund


Innate Abilities, Weirdness & Mutations

You have large cloven feet.
You are partially covered in large bone plates. (SH +4)
You sometimes gain a little power by taking damage.


Message History

Your kick misses the worker ant.
The worker ant waves its antennae.
The worker ant bites you.
* * * LOW HITPOINT WARNING * * *
You hit the worker ant.
The worker ant is lightly wounded.
The worker ant bites you.
* * * LOW HITPOINT WARNING * * *
You are poisoned.
The worker ant poisons you!
You closely miss the worker ant.
The worker ant is lightly wounded.
You feel sick.
The worker ant bites you but does no damage.
The worker ant bites you.
* * * LOW HITPOINT WARNING * * *
You hit the worker ant but do no damage.
The worker ant is lightly wounded.
The worker ant bites you!
You die...

##########
###........# #......
#..........## #......
#...........###......
#..a@........##......
#....................
#.....>..............
#.............#......
#....................
#..............#.....
................#.....
.#.............###....
#...........## #....


You could see a worker ant.

Vanquished Creatures
  A phantom (D:5)
  2 worker ants
  6 adders
  3 oozes
  A worm (D:2)
  4 dart slugs
  3 leopard geckos
  6 orcs
  2 ball pythons
  6 bats
  2 giant cockroaches
  7 goblins
  8 hobgoblins
  13 kobolds
  4 frilled lizards
  8 rats
76 creatures vanquished.

Notes
Turn   | Place    | Note
-------+----------+-------------------------------------------
     0 | Abyss:1  | goulibeur the Demonspawn Abyssal Knight began the quest for the Orb.
     0 | Abyss:1  | Reached XP level 1. HP: 18/18 MP: 2/2
    62 | Abyss:1  | Noticed a small abomination
    62 | D:1      | Escaped the Abyss
   134 | D:1      | Found a snail-covered altar of Cheibriados.
   156 | D:1      | Reached skill level 1 in Dodging
   286 | D:1      | Reached * piety under Lugonu
   286 | D:1      | Gained mutation: You have large cloven feet. [demonic ancestry]
   286 | D:1      | Reached XP level 2. HP: 21/24 MP: 4/4
   287 | D:1      | Reached skill level 3 in Invocations
   937 | D:2      | Gained mutation: You sometimes gain a little power by taking damage. [demonic ancestry]
   937 | D:2      | Reached XP level 3. HP: 26/29 MP: 5/5
  2103 | D:2      | Reached skill level 4 in Invocations
  2103 | D:2      | Reached XP level 4. HP: 20/35 MP: 5/7
  2370 | D:2      | Found a burning altar of Makhleb.
  2763 | D:2      | Noticed a green death
  3117 | D:3      | Reached ** piety under Lugonu
  3351 | D:3      | Reached XP level 5. HP: 40/42 MP: 8/8
  4011 | D:4      | Noticed Sigmund
  4172 | D:4      | Reached skill level 5 in Invocations
  4298 | D:5      | Entered Level 5 of the Dungeon
  4310 | D:5      | Noticed a phantom
  4349 | D:5      | Killed a phantom
  4349 | D:5      | Gained mutation: You are partially covered in large bone plates. (SH +4) [demonic ancestry]
  4349 | D:5      | Reached XP level 6. HP: 25/48 MP: 8/10
  4605 | D:5      | Slain by a worker ant

Skill      XL: |  1  2  3  4  5 |
---------------+----------------+-----
Dodging        | 1 2 |  2.4
Armour         | 2 3 |  3.0
Invocations    | 3 4 5 |  5.6
Fighting       | 4 |  4.0
Short Blades   | |  1.7

Action                   |  1- 3 |  4- 6 || total
-------------------------+-------+-------++-------
Melee: Short sword       |   108 |   198 ||   306
       Kick              |    20 |    48 ||    68
Invok: Depart the Abyss  |     1 |       ||     1
  Eat: Chunk             |     4 |     6 ||    10
       Ration            |       |     1 ||     1
Armor: Leather armour    |    25 |     3 ||    28
       Ring mail         |       |    46 ||    46
Dodge: Dodged            |    74 |   112 ||   186
Block: Other             |       |     4 ||     4
